 Dungeon Crawl Stone Soup version 0.23.0 (webtiles) character file.

Game seed: 5405327259180239207

693 Gadfly the Sneak (level 7, -3/48 HPs)
             Began as an Octopode Assassin on Feb 14, 2019.
             Was a Follower of Zin.
             Slain by a gnoll
             ... wielding a cursed -1 flail
              (12 damage)
             ... on level 3 of the Dungeon.
             The game lasted 00:07:57 (5526 turns).

Gadfly the Sneak (Octopode Assassin)                Turns: 5526, Time: 00:07:58

Health: -3/48      AC:  1    Str: 11    XL:     7   Next: 64%
Magic:  7/7        EV: 15    Int: 13    God:    Zin [*.....]
Gold:   102        SH:  0    Dex: 15    Spells: 6/6 levels left

rFire    . . .     SeeInvis .   a - +2 dagger
rCold    . . .     Gourm    .   (no shield)
rNeg     . . .     Faith    .   (helmet restricted)
rPois    +         Spirit   .   v - amulet of harm
rElec    .         Reflect  .   k - ring of poison resistance
rCorr    .         Harm     +   (no ring)
MR       .....                  (no ring)
Stlth    +++++.....             (no ring)
HPRegen  0.16/turn              (no ring)
MPRegen  0.10/turn              (no ring)
                                (no ring)
                                (no ring)

@: no status effects
A: almost no armour, stealthy swim, amphibious, 8 rings, constrict 8, camouflage
1, gelatinous body 1
a: Recite, Donate Gold, Renounce Religion


You were on level 3 of the Dungeon.
You worshipped Zin.
Zin was aware of your devotion.
You were not hungry.

You visited 2 branches of the dungeon, and saw 5 of its levels.

You collected 113 gold pieces.
You donated 11 gold pieces to Zin.

Inventory:

Hand Weapons
 a - a +2 dagger (weapon)
 b - a +0 blowgun
 g - a +1 flail of protection
Missiles
 c - 20 poisoned needles
 d - 2 curare-tipped needles
 e - 5 tomahawks (quivered)
 o - a throwing net
 x - 7 javelins
Jewellery
 k - a ring of poison resistance (left tentacle)
 v - an amulet of harm (around mantle)
Wands
 s - a wand of paralysis (12)
Scrolls
 i - a scroll of identify
 j - a scroll of teleportation {unknown}
 l - a scroll of fog
 n - a scroll of noise {unknown}
 q - 2 scrolls of remove curse
 t - a scroll of amnesia
Potions
 m - 2 potions of flight
 r - 2 potions of agility
Comestibles
 f - 7 rations
 h - 3 chunks of flesh


   Skills:
 + Level 4.0 Fighting
 + Level 4.1 Short Blades
 + Level 4.0 Throwing
 + Level 3.5 Dodging
 + Level 7.4 Stealth
 + Level 0.0 Evocations


You had 6 spell levels left.
You didn't know any spells.
Your spell library was empty.

Dungeon Overview and Level Annotations

Branches:
Dungeon (4/15)             Temple (1/1) D:4

Altars:
Ashenzari
Cheibriados
Fedhas
Kikubaaqudgha
Makhleb
Nemelex Xobeh
Okawaru
Qazlal
Ru
Sif Muna
Trog
Uskayaw
Vehumet
Wu Jian
Xom
Yredelemnul
Zin
The Shining One


Innate Abilities, Weirdness & Mutations

You cannot wear most types of armour.
You are very stealthy in the water. (Stealth+)
You are amphibious.
You can wear up to eight rings at the same time.
You can use your tentacles to constrict eight enemies at once.
Your skin changes colour to match your surroundings (Stealth+).
Your rubbery body absorbs attacks. (AC +1, EV +1)


Message History

The gnoll barely misses you.
You hit the gnoll.
The gnoll is severely wounded.
You constrict the gnoll.
The gnoll hits you from afar with a cursed +0 spear!
You are too injured to fight recklessly!
You are too injured to fight recklessly!
Unknown command.
You release your grip on the gnoll.
There is a stone staircase leading up here.
You can't go down here!
The gnoll hits you with a cursed -1 flail!
* * * LOW HITPOINT WARNING * * *
The gnoll barely misses you.
You climb upwards.
There is a stone staircase leading down here.
You closely miss the gnoll. Your grab misses the gnoll.
The gnoll is almost dead.
The gnoll hits you with a cursed -1 flail!
You die...

#.........########
#..............).#
#................#
#########........# #####........#
#............# #............#
##########.......################
.........'......@g...............
####.#####.......###############.
#.# ######### #. ##'######## #.
#.........# #. #.........#
#############. #.........#
#............. #.........###
#.############ #...........# #.#
#....


You could see a gnoll.

Vanquished Creatures
  Sigmund (D:3)
  A scorpion (D:4)
  A crimson imp (D:4)
  2 hounds (D:4)
  An orc priest (D:4)
  An orc wizard (D:3)
  A centaur skeleton (D:4)
  Ijyb (D:3)
  Natasha (thrice) (D:3)
  A worker ant (D:3)
  3 adders
  4 gnolls
  5 worms
  2 dart slugs
  3 leopard geckos
  18 orcs
  5 giant cockroaches
  8 goblins
  5 hobgoblins
  6 jackals
  4 bats (D:1)
  4 frilled lizards
  A goblin skeleton (D:4)
  3 hobgoblin zombies (D:4)
  6 kobolds
  2 kobold skeletons (D:4)
  3 orc skeletons (D:4)
  6 rats
101 creatures vanquished.

Notes
Turn   | Place    | Note
-------+----------+-------------------------------------------
     0 | D:1      | Gadfly the Octopode Assassin began the quest for the Orb.
     0 | D:1      | Reached XP level 1. HP: 14/14 MP: 1/1
   301 | D:1      | Reached XP level 2. HP: 17/19 MP: 2/2
   963 | D:2      | Reached XP level 3. HP: 24/24 MP: 3/3
  1177 | D:2      | Found a bloodstained altar of Trog.
  1248 | D:2      | Found a sparkling altar of Nemelex Xobeh.
  1455 | D:2      | Reached XP level 4. HP: 17/30 MP: 4/4
  2126 | D:3      | Reached skill level 6 in Stealth
  2226 | D:3      | Noticed Ijyb
  2229 | D:3      | Noticed Sigmund
  2230 | D:3      | Killed Ijyb
  2249 | D:3      | Reached XP level 5. HP: 31/36 MP: 5/5
  2311 | D:3      | Killed Sigmund
  2311 | D:3      | Reached XP level 6. HP: 17/42 MP: 6/6
  2495 | D:3      | Noticed Natasha
  2501 | D:3      | Killed Natasha
  3341 | D:3      | Noticed Natasha
  3352 | D:3      | Killed Natasha
  3912 | D:3      | Noticed Natasha
  3925 | D:3      | Killed Natasha
  3955 | D:4      | Reached skill level 7 in Stealth
  3955 | D:4      | Reached XP level 7. HP: 47/47 MP: 7/7
  4003 | D:4      | Found an iron altar of Okawaru.
  4006 | D:4      | Found a glowing golden altar of the Shining One.
  4045 | D:4      | HP: 2/47 [worker ant (2)]
  4362 | D:4      | Found a staircase to the Ecumenical Temple.
  4474 | Temple   | Entered the Ecumenical Temple
  4838 | Temple   | Became a worshipper of Zin the Law-Giver
  4973 | D:4      | Found an ancient bone altar of Kikubaaqudgha.
  5019 | D:4      | Reached * piety under Zin
  5056 | D:4      | Found a burning altar of Makhleb.
  5526 | D:3      | Slain by a gnoll

Skill      XL: |  1  2  3  4  5  6  7 |
---------------+----------------------+-----
Dodging        | 2 3 |  3.5
Stealth        | 6 7 |  7.4
Fighting       | 3 4 |  4.0
Short Blades   | 3 4 |  4.1
Throwing       | 3 4 |  4.0

Action                   |  1- 3 |  4- 6 |  7- 9 || total
-------------------------+-------+-------+-------++-------
Melee: Dagger            |    56 |    86 |    65 ||   207
       Constrict         |    12 |    24 |    14 ||    50
       Tentacles         |     7 |    20 |    12 ||    39
  Use: Scroll            |       |     8 |       ||     8
       Potion            |       |     2 |     2 ||     4
 Stab: Sleeping          |    15 |     6 |    11 ||    32
       Distracted        |     1 |     3 |       ||     4
  Eat: Chunk             |     2 |     5 |       ||     7
       Ration            |       |     1 |     1 ||     2
Armor: Skin              |     2 |     1 |     2 ||     5
Dodge: Dodged            |    26 |    41 |    47 ||   114
